 Dungeon Crawl Stone Soup version 0.28.0-53-g5a82cb258f (webtiles) character file.

Game seed: 12858593409542989603

9491 LynnLen the Covert (level 11, -3/68 HPs)
             Began as a Vampire Enchanter on Aug 8, 2022.
             Was a Priest of Fedhas.
             Engulfed by a fire elemental's flame (11 damage)
             ... in a Gauntlet.
             The game lasted 00:45:48 (11641 turns).

LynnLen the Covert (Vampire Enchanter)             Turns: 11641, Time: 00:45:49

Health: -3/68      AC: 11    Str: 13    XL:     11   Next: 23%
Magic:  22/22      EV: 21    Int: 19    God:    Fedhas [***...]
Gold:   1379       SH:  4    Dex: 18    Spells: 18/25 levels left

rFire   . . .      SeeInvis +   w - +6 quick blade
rCold   . . .      Faith    .   y - +0 buckler
rNeg    . . .      Spirit   .   C - +0 steam dragon scales
rPois   .          Reflect  .   I - +2 helmet of the Old and Reckless {Rampage}
rElec   .          Harm     .   B - +0 cloak {Will+}
rCorr   .          Rampage  +   k - +1 pair of gloves {Str+3}
Will    ++...      NoTele   +   (no boots)
Stlth   ++++++....              H - amulet "Obuneum" {RegenMP Str+3}
HPRegen 0.41/turn               m - +4 ring of evasion
MPRegen 0.58/turn               z - ring of wizardry

@: mighty, healing quickly
A: alive, fangs 3, see invisible, vampiric 2
a: Exsanguinate, Renounce Religion, Wall of Briars, Grow Ballistomycete


You were in a Gauntlet.
You worshipped Fedhas.
Fedhas was most pleased with you.
You visited 3 branches of the dungeon, and saw 11 of its levels.
You also visited: Gauntlet.

You collected 1379 gold pieces.

Inventory:

Hand Weapons
 a - a +1 spectral dagger
 f - a +1 dagger of venom
 w - a +6 quick blade (weapon)
Missiles
 d - 314 stones
 p - 58 sling bullets
 D - 12 poisoned darts
 G - 4 throwing nets
Armour
 k - a +1 pair of gloves of strength (worn)
 y - a +0 buckler (worn)
 B - a +0 cloak of willpower (worn)
 C - +0 steam dragon scales (worn)
 I - the +2 helmet of the Old and Reckless (worn) {Rampage}
   (You acquired it on level 7 of the Dungeon)

   Rampage:   It bestows one free step when moving towards enemies.
Jewellery
 m - a +4 ring of evasion (left hand)
 u - a ring of willpower
 z - a ring of wizardry (right hand)
 A - a ring of ice
 H - the amulet "Obuneum" (around neck) {RegenMP Str+3}
   (You acquired it on level 7 of the Dungeon)

   [amulet of magic regeneration]

   It increases your rate of magic regeneration.
   Str:       It affects your strength (+3).
Wands
 b - a wand of iceblast (9) (quivered)
 t - a wand of paralysis (15)
 K - a wand of mindburst (11)
Scrolls
 e - 2 scrolls of fog
 l - a scroll of torment {unknown}
 o - 3 scrolls of amnesia
 r - 4 scrolls of teleportation
 E - 2 scrolls of enchant armour {unknown}
 F - 2 scrolls of vulnerability
Potions
 c - 2 potions of invisibility
 g - a potion of might
 h - 2 potions of mutation
 i - 6 potions of flight
 n - 3 potions of brilliance
 q - 2 potions of resistance {unknown}
 s - 2 potions of ambrosia
 v - 3 potions of lignification
 J - 2 potions of haste
 L - 2 potions of curing
 M - a potion of attraction {unknown}


   Skills:
 - Level 10.2 Short Blades
 * Level 9.0 Dodging
 + Level 13.8 Stealth
 * Level 7.5 Spellcasting
 + Level 9.1 Hexes


You had 18 spell levels left.
You knew the following spells:

 Your Spells              Type           Power      Damage    Failure   Level
a - Confusing Touch       Hex            41%        N/A       1%          3
b - Passage of Golubria   Tloc           7%         N/A       45%         4

Your spell library contained the following spells:

 Spells                   Type           Power      Damage    Failure   Level
 Ensorcelled Hibernation  Hex/Ice        48%        N/A       1%          2
 Tukima's Dance           Hex            41%        N/A       1%          3
 Dazzling Flash           Conj/Hex       48%        N/A       2%          3
 Animate Skeleton         Necr           14%        N/A       5%          1
 Apportation              Tloc           14%        N/A       5%          1
 Freeze                   Ice            28%        1d5       5%          1
 Summon Small Mammal      Summ           28%        N/A       5%          1
 Scorch                   Fire           14%        2d5       9%          2
 Anguish                  Hex/Necr       12%        N/A       9%          4
 Conjure Flame            Conj/Fire      7%         6-21      16%         3
 Frozen Ramparts          Ice            14%        1d3       16%         3
 Ignite Poison            Fire/Tmut/Pois 7%         N/A       16%         3
 Ozocubu's Armour         Ice            7%         N/A       16%         3
 Spider Form              Tmut/Pois      7%         N/A       16%         3
 Metabolic Englaciation   Hex/Ice        12%        N/A       22%         5
 Yara's Violent Unravell  Hex/Tmut       12%        3d7       22%         5
 Flame Wave               Conj/Fire      7%         2d5       45%         4
 Hailstorm                Conj/Ice       7%         3d4       45%         4
 Sticky Flame             Conj/Fire      7%         2d3       45%         4
 Summon Ice Beast         Ice/Summ       7%         N/A       45%         4
 Freezing Cloud           Conj/Ice/Air   3%         6-21      78%         5
 Simulacrum               Ice/Necr       3%         N/A       100%        6
 Summon Cactus Giant      Summ           3%         N/A       100%        6


Dungeon Overview and Level Annotations

Branches:
Dungeon (9/15)             Temple (1/1) D:6            Lair (1/6) D:9
Gauntlet (1/1)
    Orc: D:9-12

Altars:
Ashenzari
Cheibriados
Dithmenos
Elyvilon
Fedhas
Gozag
Hepliaklqana
Makhleb
Nemelex Xobeh
Okawaru
Qazlal
Ru
Sif Muna
Trog
Uskayaw
Vehumet
Wu Jian
Xom
Yredelemnul
Zin
The Shining One

Annotations:
D:4 2 transporters, macfelon's ghost, amateur HuCj Gauntlet 11 transporters, 21 runed translucent doors, exclusion: obsidian statue


Innate Abilities, Weirdness & Mutations

Your natural rate of healing is accelerated.
You have razor-sharp teeth.
You have supernaturally acute eyesight. (SInv)
You are afflicted with vampirism and can become a bat while bloodless.


Message History

The fire elemental blinks!
The fire elemental enters a dispersal trap!
The hell hound blinks!
The hell hound enters a dispersal trap!
The fire elemental blinks! x2
The fire elemental enters a dispersal trap!
The hell hound blinks!
The hell hound fails to trigger a net trap.
The hell hound blinks!
You blink.
The fire elemental blinks!
You blink. x2
The hell hound completely misses you.
The fire elemental completely misses you.
You puncture the fire elemental! You bite the fire elemental.
The fire elemental is heavily damaged.
You barely miss the fire elemental. Your bite misses the fire elemental.
The fire elemental is heavily damaged.
The hell hound breathes flames at you. The blast of flame hits you!!
* * * LOW HITPOINT WARNING * * *
The fire elemental hits you. The fire elemental burns you!
* * * LOW HITPOINT WARNING * * *
You closely miss the fire elemental.
The fire elemental is heavily damaged.
You feel better. You block the hell hound's attack.
The fire elemental closely misses you. The hell hound closely misses you.
You feel better. The fire elemental hits you. The fire elemental burns you!
* * * LOW HITPOINT WARNING * * *
You block the hell hound's attack. You block the fire elemental's attack.
The fire elemental misses you.
Okay, then.
The hell hound completely misses you. The fire elemental hits you.
* * * LOW HITPOINT WARNING * * *
The fire elemental burns you!
* * * LOW HITPOINT WARNING * * *
The hell hound breathes flames at you. The blast of flame misses you.
The fire elemental barely misses you. The fire elemental barely misses you.
Really walk into that dispersal trap?
You enter a dispersal trap!
The hell hound blinks!
The fire elemental blinks! x3
You blink.
You are engulfed in blazing flames.
You die...
Fedhas appreciates your contribution to the ecosystem.

.##...#≈.............≈.......
#.8.#..###########...######
.##...#..#Eh"?E.)..#...#.....
....8.####§##...##E#...#.....
.##.....©#.#.###.#☼#...#|....
#.8.####E§##^##^.#.###.....
#...#..#§...©....#.#©#©8..©
#≈8≈#..#.°##^##..#.#.#:....
#####..#.#@###.#○#.#.#[....
#..#^##○○.##.#.#.#.....
#..#.....°...#.#.#.....
###..#############.######
#8#......#©........#≈≈≈≈8
###≈.....#########.######
#####..........#.#...^≈
#8#..........#.#.≈≈≈.
###########..#.#≈.≈..


You could see a fire elemental.

Vanquished Creatures
  Harold (D:7)
  Fannar (Lair:1)
  2 two-headed ogres
  An apocalypse crab (Gauntlet)
  Maggie (D:6)
  A komodo dragon (D:9)
  An efreet (Gauntlet)
  A hornet (D:9)
  A wyvern (D:7)
  Grum (D:8)
  A yak (D:9)
  A neqoxec (Gauntlet)
  A steam dragon (D:7)
  A chaos spawn (Gauntlet)
  2 ice beasts (D:7)
  2 sky beasts (D:7)
  2 orc warriors
  2 ogres (D:6)
  3 necrophages
  5 wolves
  6 centaurs
  A phantom (D:4)
  4 bullfrogs
  6 gnoll sergeants (D:8)
  A wyvern zombie (D:3)
  3 scorpions
  A water moccasin skeleton (D:5)
  8 wights (D:8)
  3 howler monkeys (D:8)
  2 bullfrog zombies
  12 hounds
  5 orc priests
  Crazy Yiuf (D:5)
  3 jellies
  2 centaur zombies
  A bullfrog skeleton (D:6)
  2 gnoll shamans (D:8)
  2 iguanas (D:5)
  9 orc wizards
  A killer bee zombie (D:7)
  A hound zombie (D:5)
  A howler monkey zombie (D:9)
  39 gnolls
  A howler monkey skeleton (D:5)
  6 adders
  A white imp (D:7)
  2 ufetubi (D:4)
  An adder skeleton (D:4)
  3 worms
  3 dart slugs
  7 orcs
  3 endoplasms
  6 giant cockroaches
  12 goblins
  5 hobgoblins
  9 jackals
  A quokka (D:2)
  4 ball pythons
  2 bats
  3 frilled lizards
  7 kobolds
  4 rats
225 creatures vanquished.

Vanquished Creatures (others)
  A fungus (Lair:1)
  8 plants
9 creatures vanquished.

Grand Total: 234 creatures vanquished

Notes
Turn   | Place    | Note
-------+----------+-------------------------------------------
     0 | D:1      | LynnLen the Vampire Enchanter began the quest for the Orb.
     0 | D:1      | Reached XP level 1. HP: 13/13 MP: 3/3
   275 | D:1      | Reached XP level 2. HP: 10/19 MP: 5/5
   474 | D:1      | Reached skill level 5 in Stealth
   612 | D:1      | Found a faded altar of an unknown god.
  1445 | D:2      | Found a stormy altar of Qazlal.
  1768 | D:2      | Gained mutation: You are afflicted with vampirism and can
                  | become a bat while bloodless. [Vampire growth]
  1768 | D:2      | Reached XP level 3. HP: 20/24 MP: 6/6
  1921 | D:2      | Got the Papyrus of the Glacier
  2353 | D:2      | Reached XP level 4. HP: 30/30 MP: 7/7
  2528 | D:2      | Learned a level 3 spell: Confusing Touch
  2654 | D:3      | Found a radiant altar of Vehumet.
  2752 | D:3      | Reached skill level 6 in Stealth
  2872 | D:3      | Reached XP level 5. HP: 35/35 MP: 8/8
  3491 | D:4      | Reached skill level 5 in Short Blades
  3665 | D:4      | Found a shimmering altar of Xom.
  3758 | D:4      | Found a transporter.
  3758 | D:4      | Noticed an ogre
  3760 | D:4      | Noticed macfelon's ghost (amateur HuCj)
  3762 | D:4      | Noticed an ogre
  3764 | D:4      | Noticed an ogre
  3769 | D:4      | Found a transporter.
  3891 | D:4      | Found a hide-covered altar of Uskayaw.
  4043 | D:4      | Reached skill level 7 in Stealth
  4043 | D:4      | Reached XP level 6. HP: 41/41 MP: 9/9
  4454 | D:4      | Reached skill level 8 in Stealth
  4454 | D:4      | Reached XP level 7. HP: 46/46 MP: 10/10
  4563 | D:5      | Entered Level 5 of the Dungeon
  4814 | D:5      | Found a runed translucent door.
  4815 | D:5      | Noticed Crazy Yiuf
  5027 | D:5      | Reached skill level 9 in Stealth
  5415 | D:5      | Killed Crazy Yiuf
  5586 | D:6      | Reached XP level 8. HP: 52/52 MP: 11/11
  5588 | D:6      | Found a shimmering blue altar of Sif Muna.
  5716 | D:6      | Found a staircase to the Ecumenical Temple.
  5728 | D:6      | Noticed Maggie
  5735 | D:6      | Killed Maggie
  5736 | D:6      | Reached skill level 10 in Stealth
  5879 | D:6      | Reached skill level 10 in Short Blades
  5938 | D:6      | Reached skill level 11 in Stealth
  5946 | Temple   | Entered the Ecumenical Temple
  6313 | Temple   | Became a worshipper of Fedhas Madash
  6583 | D:6      | Reached XP level 9. HP: 51/57 MP: 12/12
  6703 | D:7      | Found a basalt altar of Yredelemnul.
  6882 | D:7      | Reached skill level 5 in Hexes
  7199 | D:7      | Found a sacrificial altar of Ru.
  7210 | D:7      | Noticed Harold
  7227 | D:7      | Killed Harold
  7228 | D:7      | Reached skill level 5 in Dodging
  7228 | D:7      | Reached skill level 12 in Stealth
  7582 | D:7      | Identified 3 scrolls of acquirement
  7582 | D:7      | Acquired the amulet "Obuneum" {RegenMP Str+3}
  7586 | D:7      | Acquired a +5 quick blade
  7587 | D:7      | Acquired the +2 helmet of the Old and Reckless {Rampage}
  7701 | D:8      | Reached skill level 5 in Spellcasting
  7721 | D:8      | Reached XP level 10. HP: 59/63 MP: 14/17
  7839 | D:7      | Reached * piety under Fedhas
  8071 | D:8      | Noticed a two-headed ogre
  8288 | D:8      | Learned a level 4 spell: Passage of Golubria
  8307 | D:8      | Killed a two-headed ogre
  8425 | D:8      | Noticed Grum
  8912 | D:8      | Reached ** piety under Fedhas
  9244 | D:8      | Killed Grum
  9245 | D:8      | Reached skill level 13 in Stealth
  9344 | D:8      | Got the Almanac of Snow
  9799 | D:8      | Acquired 765 gold pieces
 10136 | D:9      | Noticed a two-headed ogre
 10168 | D:9      | Killed a two-headed ogre
 10173 | D:9      | Reached *** piety under Fedhas
 10174 | D:9      | Reached XP level 11. HP: 54/68 MP: 21/21
 10248 | D:9      | Found a shadowy altar of Dithmenos.
 10369 | D:9      | Identified the +1 robe "Bafon" {*Corrode Dex+3 Stlth+}
 10440 | D:9      | Found a staircase to the Lair.
 10683 | Lair:1   | Entered Level 1 of the Lair of Beasts
 10779 | Lair:1   | Noticed Fannar
 10785 | Lair:1   | Killed Fannar
 10868 | Lair:1   | Found a gate leading to a gauntlet.
 10900 | Gauntlet | Entered a Gauntlet
 10900 | Gauntlet | Found a transporter.
 10900 | Gauntlet | Found a transporter.
 10904 | Gauntlet | Found a transporter.
 10904 | Gauntlet | Found a transporter.
 10906 | Gauntlet | Found a large runed translucent door.
 10907 | Gauntlet | Found a large runed translucent door.
 10908 | Gauntlet | Found a large runed translucent door.
 10908 | Gauntlet | Found a large runed translucent door.
 10908 | Gauntlet | Found a runed translucent door.
 10909 | Gauntlet | Found a runed translucent door.
 10910 | Gauntlet | Found a large runed translucent door.
 10911 | Gauntlet | Found a large runed translucent door.
 10911 | Gauntlet | Found a large runed translucent door.
 10911 | Gauntlet | Found a large runed translucent door.
 10912 | Gauntlet | Found a large runed translucent door.
 10912 | Gauntlet | Found a large runed translucent door.
 10913 | Gauntlet | Found a large runed translucent door.
 10914 | Gauntlet | Found a large runed translucent door.
 10915 | Gauntlet | Found a transporter.
 10944 | Gauntlet | Found a transporter.
 10987 | Gauntlet | Found a transporter.
 11002 | Gauntlet | Found a transporter.
 11019 | Gauntlet | Found a transporter.
 11041 | Gauntlet | Found a transporter.
 11148 | Gauntlet | Found a transporter.
 11170 | Gauntlet | Noticed a death yak
 11171 | Gauntlet | Noticed a death yak
 11173 | Gauntlet | Found a transporter.
 11177 | Gauntlet | Noticed a death yak
 11189 | Gauntlet | Found a transporter.
 11191 | Gauntlet | Found a large runed translucent door.
 11192 | Gauntlet | Found a large runed translucent door.
 11193 | Gauntlet | Noticed a great orb of eyes
 11193 | Gauntlet | Noticed a white ugly thing
 11194 | Gauntlet | Found a runed translucent gate.
 11213 | Gauntlet | Found a transporter.
 11229 | Gauntlet | Noticed a purple ugly thing
 11313 | Gauntlet | Found a large runed translucent door.
 11313 | Gauntlet | Found a large runed translucent door.
 11315 | Gauntlet | Found a runed translucent gate.
 11315 | Gauntlet | Found a runed translucent gate.
 11317 | Gauntlet | Noticed an obsidian statue
 11319 | Gauntlet | Found a transporter.
 11322 | Gauntlet | Found a transporter.
 11641 | Gauntlet | Engulfed by a fire elemental's flame

Illustrated notes

Levels and vault maps discovered:
D:1:      saegor_arrival_fortress, layout_basic, serial_glass, glass_columns_a,
          glass_columns_b, glass_columns_b, glass_columns_b,
          shapermc_ecumenical_altar_pompeii
D:2:      layout_basic, serial_corexii_hall, chequers_hall_statues_y,
          corexii_hall_statues_s, corexii_hall_statues_deadend, basic_altar,
          kennysheep_generic_room_16
D:3:      layout_rooms, vehumet_crystals
D:4:      layout_basic, nicolae_uskayaw_suspiria, mainiacjoe_overflow_boulevard,
          gammafunk_ghost_smash, lemuel_old_faithful
D:5:      layout_basic, kennysheep_crisscross, chequers_mini_garden,
          kennysheep_windowed_goal, uniq_crazy_yiuf_cottage
D:6:      layout_rooms, kennysheep_orc_sif_temple,
          nicolae_overflow_hidden_temple, minmay_temple_entry_water_ring,
          nicolae_figureground_pulse, uniq_maggie
D:7:      layout_basic, mainiacjoe_overflow_small_starburst,
          mainiacjoe_overflow_brackets, uniq_harold
D:8:      layout_cave_pools, serial_gnoll_camp, gnoll_camp_huts_basic,
          gnoll_camp_mini_sergeant, gnoll_camp_mini_loothouse,
          gnoll_camp_mini_hut, gnoll_camp_medium_01, gnoll_camp_mini_doghouse,
          uniq_grum
D:9:      layout_gridville, grunt_dithmenos_smoke_and_mirrors,
          grunt_lair_entry_orc_guard_hut
Temple:   minmay_temple_curvy_branch
Lair:1:   layout_long_grid, gauntlet_entry_generic, serial_bayou_pond_a,
          nicolae_lair_lakeside_cave, grunt_megastairs_4, uniq_fannar
Gauntlet: gammafunk_gauntlet_branching [gammafunk_gauntlet_arena_teeth,
          gammafunk_gauntlet_arena_chambers, gammafunk_gauntlet_arena_split_x,
          minmay_gauntlet_arena_make_your_own_arena,
          gammafunk_gauntlet_arena_open, nicolae_gauntlet_arena_flowing_pool,
          gammafunk_gauntlet_arena_crates, gammafunk_gauntlet_arena_corners,
          gauntlet_exit_watery]

Skill      XL: |  1  2  3  4  5  6  7  8  9 10 11 |
---------------+----------------------------------+-----
Short Blades   | 2 3 4 5 6 8 10 | 10.2
Stealth        | 5 6 7 8 9 11 12 13 | 13.8
Dodging        | 3 6 8 9 |  9.0
Spellcasting   | 5 7 |  7.5
Hexes          | 6 8 9 |  9.1

Action                   |  1- 3 |  4- 6 |  7- 9 | 10-12 || total
-------------------------+-------+-------+-------+-------++-------
Melee: Dagger            |   155 |   131 |   192 |       ||   478
       Bite              |    18 |    15 |    21 |    71 ||   125
       Punch             |       |     3 |     4 |       ||     7
       Quick blade       |       |       |    11 |   447 ||   458
       Unarmed           |       |       |       |     3 ||     3
Throw: Dart              |       |       |       |     6 ||     6
 Cast: Confusing Touch   |       |     7 |     9 |    28 ||    44
Evoke: Wand              |       |       |       |     1 ||     1
  Use: Scroll            |       |     4 |    16 |     4 ||    24
       Potion            |       |       |     2 |     7 ||     9
 Stab: Sleeping          |    13 |    11 |    22 |    14 ||    60
       Confused          |       |     6 |     8 |    21 ||    35
       Distracted        |       |     1 |     5 |     1 ||     7
       Paralysed         |       |       |       |     1 ||     1
Armor: Robe              |    16 |       |       |       ||    16
       Leather armour    |    10 |    16 |    16 |       ||    42
       Steam dragon scal |       |       |    18 |    47 ||    65
Dodge: Dodged            |    78 |    68 |    85 |   252 ||   483
Block: Buckler           |       |       |       |    57 ||    57
